[ AOE2 MATCH · #513848098 ]
UnrankedCiv #60 vs Spanish
Player's team · WIN
Rival team · LOSS
[ REPLAY ANALYSIS · EXTRACTED FROM THE RECORDED GAME ]
Feudal
15:01
Castle
20:56
Imperial
—
| APM avg | 59.5 |
| APM peak | 114 |
| eAPM avg | 23.8 |
| Villagers / military | 57 / 19 |
Focus
⚔️ 43.1% · 🌾 56.9%
Ballestero montado ×14 · Fishing Ship ×5 · Archer ×4 · Hulk ×1
Feudal
14:42
Castle
19:10
Imperial
—
| APM avg | 36.2 |
| APM peak | 89 |
| eAPM avg | 15.7 |
| Villagers / military | 38 / 4 |
Focus
⚔️ 7.4% · 🌾 92.6%
Fishing Ship ×8 · Conquistador ×4
Match map
Initial resources + every placement click. Lines = walls · curves = elevation contours. ◆ gold · ⬟ stone · ● berries · ✦ relic · ◌ wall gap
Your base· Open — unwalled flank
PhiL's base· Open — 4t gap
Smoothed initial terrain · ◌ = detected wall gap · hover for details
Inputs per minute
— Pikaflex - - PhiL
Build order — Pikaflex
First 150 of 164 actions detected
| 0:03 | Build | House |
| 0:24 | Build | Town Center |
| 2:15 | Build | Palisade Wall |
| 2:22 | Build | Palisade Wall |
| 2:25 | Build | Palisade Wall |
| 2:48 | Build | Palisade Wall |
| 2:49 | Build | Palisade Wall |
| 3:06 | Queue | Villager (Male) ×4 |
| 3:12 | Build | House |
| 4:37 | Queue | Villager (Male) |
| 5:07 | Queue | Villager (Male) |
| 5:22 | Queue | Villager (Male) |
| 5:22 | Queue | Villager (Male) |
| 5:45 | Build | Palisade Wall |
| 5:51 | Build | Palisade Wall |
| 5:55 | Build | Palisade Wall |
| 6:01 | Queue | Villager (Male) |
| 6:05 | Build | Lumber Camp |
| 6:10 | Build | Palisade Wall |
| 6:14 | Build | House |
| 6:25 | Queue | Villager (Male) |
| 6:59 | Build | House |
| 7:11 | Queue | Villager (Male) |
| 7:33 | Queue | Villager (Male) |
| 7:55 | Build | Dock |
| 8:05 | Queue | Villager (Male) |
| 8:34 | Queue | Villager (Male) |
| 8:36 | Queue | Fishing Ship |
| 8:55 | Build | House |
| 9:00 | Queue | Villager (Male) |
| 9:19 | Queue | Fishing Ship |
| 9:36 | Queue | Villager (Male) |
| 9:52 | Queue | Fishing Ship |
| 10:03 | Queue | Villager (Male) |
| 10:17 | Build | Palisade Wall |
| 10:20 | Build | Palisade Wall |
| 10:23 | Build | Palisade Wall |
| 10:28 | Queue | Villager (Male) |
| 10:36 | Build | Mill |
| 10:49 | Build | Palisade Wall |
| 10:51 | Build | Palisade Wall |
| 10:53 | Queue | Villager (Male) |
| 11:03 | Build | House |
| 11:15 | Build | Palisade Gate |
| 11:17 | Build | Palisade Wall |
| 11:24 | Queue | Villager (Male) |
| 11:29 | Build | House |
| 11:42 | Build | Palisade Wall |
| 11:43 | Queue | Villager (Male) |
| 11:47 | Queue | Fishing Ship |
| 12:04 | Build | House |
| 12:19 | Build | Palisade Wall |
| 12:21 | Build | Palisade Wall |
| 12:23 | Build | Palisade Wall |
| 12:26 | Queue | Villager (Male) |
| 12:50 | Research | Feudal Age |
| 13:01 | Build | Barracks |
| 13:37 | Build | Mining Camp |
| 13:40 | Queue | Fishing Ship |
| 14:36 | Build | Palisade Wall |
| 14:39 | Build | Palisade Wall |
| 15:01 | Age | Feudal Age |
| 15:04 | Build | Archery Range |
| 15:05 | Queue | Villager (Male) |
| 15:34 | Build | House |
| 15:35 | Queue | Villager (Male) |
| 15:49 | Queue | Archer |
| 15:50 | Queue | Archer |
| 16:15 | Build | Watch Tower |
| 16:18 | Queue | Villager (Male) |
| 16:23 | Build | House |
| 16:33 | Queue | Archer |
| 16:36 | Build | Blacksmith |
| 16:51 | Queue | Villager (Male) |
| 17:00 | Queue | Archer |
| 17:18 | Build | Watch Tower |
| 17:24 | Queue | Villager (Male) |
| 17:28 | Build | Lumber Camp |
| 17:45 | Build | Palisade Wall |
| 17:46 | Build | Palisade Wall |
| 17:51 | Research | Loom |
| 17:56 | Queue | Villager (Male) |
| 18:02 | Research | Castle Age |
| 18:52 | Build | Farm |
| 18:52 | Build | Farm |
| 18:55 | Queue | Hulk |
| 19:06 | Build | Mining Camp |
| 19:57 | Build | Farm |
| 19:59 | Research | Double-Bit Axe |
| 20:40 | Build | House |
| 20:55 | Research | Stone Mining |
| 20:56 | Age | Castle Age |
| 21:03 | Research | Fletching |
| 21:08 | Queue | Villager (Male) |
| 21:16 | Build | Town Center |
| 21:19 | Queue | Villager (Male) |
| 21:25 | Queue | Ballestero montado |
| 21:25 | Queue | Ballestero montado |
| 21:57 | Queue | Villager (Male) |
| 22:01 | Build | House |
| 22:03 | Research | Bodkin Arrow |
| 22:04 | Queue | Villager (Male) |
| 22:04 | Queue | Villager (Male) |
| 22:12 | Queue | Ballestero montado |
| 22:14 | Build | Archery Range |
| 22:25 | Build | Stable |
| 22:50 | Queue | Ballestero montado |
| 22:54 | Research | Gold Mining |
| 22:56 | Queue | Villager (Male) |
| 23:21 | Queue | Villager (Male) |
| 23:27 | Queue | Ballestero montado |
| 23:32 | Build | University |
| 23:59 | Queue | Villager (Male) |
| 23:59 | Queue | Villager (Male) |
| 24:02 | Queue | Ballestero montado |
| 24:12 | Build | Farm |
| 24:13 | Build | Farm |
| 24:14 | Build | Farm |
| 24:15 | Build | Farm |
| 24:37 | Queue | Ballestero montado |
| 24:42 | Queue | Villager (Male) |
| 24:44 | Queue | Villager (Male) |
| 25:03 | Build | Farm |
| 25:07 | Queue | Villager (Male) |
| 25:07 | Queue | Villager (Male) |
| 25:12 | Build | House |
| 25:13 | Build | House |
| 25:17 | Build | House |
| 25:24 | Build | Farm |
| 25:38 | Queue | Ballestero montado |
| 25:51 | Queue | Villager (Male) |
| 25:51 | Queue | Villager (Male) |
| 25:59 | Research | Husbandry |
| 26:02 | Queue | Ballestero montado |
| 26:04 | Queue | Ballestero montado |
| 26:06 | Queue | Villager (Male) |
| 26:06 | Queue | Villager (Male) |
| 26:24 | Queue | Ballestero montado |
| 26:37 | Build | Castle |
| 27:09 | Queue | Ballestero montado |
| 27:25 | Build | Archery Range |
| 27:36 | Research | Ballistics |
| 27:36 | Queue | Villager (Male) |
| 27:36 | Queue | Villager (Male) |
| 27:36 | Queue | Villager (Male) |
| 27:39 | Build | Farm |
| 27:41 | Build | Farm |
| 27:51 | Research | Bloodlines |
| 27:52 | Research | Bloodlines |
| 28:04 | Queue | Villager (Male) |
Build order — PhiL
106 actions detected in the replay
| 0:09 | Build | House |
| 0:22 | Build | Town Center |
| 0:45 | Build | Dock |
| 2:26 | Queue | Villager (Male) |
| 2:44 | Queue | Villager (Male) |
| 2:50 | Queue | Villager (Male) |
| 3:14 | Queue | Villager (Male) |
| 3:20 | Queue | Villager (Male) |
| 3:58 | Queue | Fishing Ship |
| 4:21 | Queue | Villager (Male) |
| 4:51 | Queue | Villager (Male) |
| 5:04 | Build | House |
| 5:39 | Queue | Fishing Ship |
| 6:07 | Queue | Villager (Male) |
| 6:20 | Build | Mill |
| 6:21 | Queue | Villager (Male) |
| 6:34 | Build | House |
| 6:39 | Research | Loom |
| 7:00 | Queue | Villager (Male) |
| 7:31 | Queue | Fishing Ship |
| 7:35 | Queue | Villager (Male) |
| 7:48 | Queue | Villager (Male) |
| 8:38 | Queue | Villager (Male) |
| 8:39 | Queue | Fishing Ship |
| 8:43 | Build | House |
| 8:51 | Queue | Fishing Ship |
| 9:17 | Queue | Villager (Male) |
| 9:19 | Queue | Villager (Male) |
| 9:33 | Queue | Villager (Male) |
| 9:46 | Queue | Fishing Ship |
| 10:18 | Queue | Villager (Male) |
| 10:24 | Build | Mining Camp |
| 10:43 | Build | House |
| 10:47 | Build | House |
| 10:52 | Build | Palisade Wall |
| 10:57 | Queue | Villager (Male) |
| 11:03 | Queue | Fishing Ship |
| 11:37 | Queue | Villager (Male) |
| 11:42 | Queue | Fishing Ship |
| 12:28 | Build | House |
| 12:30 | Build | House |
| 12:32 | Research | Feudal Age |
| 12:49 | Build | Palisade Wall |
| 14:26 | Queue | Villager (Male) |
| 14:42 | Age | Feudal Age |
| 14:51 | Build | Market |
| 14:55 | Build | Blacksmith |
| 14:57 | Queue | Villager (Male) |
| 15:26 | Build | Lumber Camp |
| 15:38 | Queue | Villager (Male) |
| 15:49 | Build | Lumber Camp |
| 16:30 | Research | Castle Age |
| 16:35 | Build | Farm |
| 16:48 | Build | Watch Tower |
| 16:59 | Build | House |
| 17:04 | Build | House |
| 17:07 | Build | Palisade Wall |
| 17:12 | Build | Palisade Wall |
| 17:28 | Queue | Villager (Male) |
| 17:55 | Build | Farm |
| 17:55 | Build | Farm |
| 18:01 | Build | House |
| 18:08 | Build | Palisade Wall |
| 18:12 | Build | Palisade Wall |
| 19:07 | Build | Mill |
| 19:10 | Age | Castle Age |
| 19:21 | Build | Castle |
| 19:23 | Queue | Villager (Male) |
| 19:31 | Queue | Villager (Male) |
| 19:34 | Research | Double-Bit Axe |
| 20:17 | Queue | Villager (Male) |
| 20:43 | Build | Lumber Camp |
| 20:45 | Queue | Villager (Male) |
| 21:14 | Build | Farm |
| 21:56 | Build | Watch Tower |
| 22:00 | Queue | Villager (Male) |
| 22:13 | Build | Palisade Wall |
| 22:17 | Build | Palisade Wall |
| 22:18 | Build | Palisade Wall |
| 22:20 | Build | Palisade Wall |
| 22:31 | Queue | Villager (Male) |
| 22:31 | Queue | Villager (Male) |
| 22:44 | Build | House |
| 22:54 | Build | House |
| 23:08 | Build | Palisade Wall |
| 23:22 | Build | Watch Tower |
| 23:27 | Queue | Villager (Male) |
| 23:27 | Queue | Villager (Male) |
| 23:33 | Queue | Villager (Male) |
| 23:51 | Queue | Villager (Male) |
| 24:07 | Queue | Villager (Male) |
| 24:13 | Research | Gold Mining |
| 24:34 | Queue | Conquistador |
| 24:35 | Queue | Conquistador |
| 25:18 | Build | Watch Tower |
| 25:37 | Build | Town Center |
| 26:20 | Build | Fish Trap |
| 26:22 | Build | Fish Trap |
| 26:34 | Build | Fish Trap |
| 27:01 | Queue | Villager (Male) |
| 27:20 | Build | Fish Trap |
| 27:29 | Build | Palisade Wall |
| 28:02 | Queue | Conquistador |
| 28:25 | Queue | Conquistador |
| 28:40 | Queue | Villager (Male) |
| 28:40 | Queue | Villager (Male) |
Match timeline
| 0:45 | PhiL · first_building Dock |
| 2:15 | Pikaflex · wall_segment Palisade Wall x1 |
| 2:22 | Pikaflex · wall_segment Palisade Wall x1 |
| 2:25 | Pikaflex · wall_segment Palisade Wall x1 |
| 2:48 | Pikaflex · wall_segment Palisade Wall x1 |
| 2:49 | Pikaflex · wall_segment Palisade Wall x1 |
| 5:45 | Pikaflex · wall_segment Palisade Wall x1 |
| 5:51 | Pikaflex · wall_segment Palisade Wall x1 |
| 5:55 | Pikaflex · wall_segment Palisade Wall x1 |
| 6:10 | Pikaflex · wall_segment Palisade Wall x1 |
| 7:55 | Pikaflex · first_building Dock |
| 10:17 | Pikaflex · wall_segment Palisade Wall x1 |
| 10:20 | Pikaflex · wall_segment Palisade Wall x1 |
| 10:23 | Pikaflex · wall_segment Palisade Wall x1 |
| 10:49 | Pikaflex · wall_segment Palisade Wall x1 |
| 10:51 | Pikaflex · wall_segment Palisade Wall x1 |
| 10:52 | PhiL · wall_segment Palisade Wall x1 |
| 11:17 | Pikaflex · wall_segment Palisade Wall x1 |
| 11:42 | Pikaflex · wall_segment Palisade Wall x1 |
| 12:19 | Pikaflex · wall_segment Palisade Wall x1 |
| 12:21 | Pikaflex · wall_segment Palisade Wall x1 |
| 12:23 | Pikaflex · wall_segment Palisade Wall x1 |
| 12:49 | PhiL · wall_segment Palisade Wall x1 |
| 13:01 | Pikaflex · first_building Barracks |
| 14:36 | Pikaflex · wall_segment Palisade Wall x1 |
| 14:39 | Pikaflex · wall_segment Palisade Wall x1 |
| 14:42 | PhiL · age_up feudal |
| 15:01 | Pikaflex · age_up feudal |
| 15:04 | Pikaflex · first_building Archery Range |
| 16:07 | PhiL · first_market_sell 100 stone |
| 16:10 | PhiL · first_market_buy 100 food |
| 17:07 | PhiL · wall_segment Palisade Wall x1 |
| 17:12 | PhiL · wall_segment Palisade Wall x1 |
| 17:45 | Pikaflex · wall_segment Palisade Wall x3 |
| 17:46 | Pikaflex · wall_segment Palisade Wall x1 |
| 18:08 | PhiL · wall_segment Palisade Wall x1 |
| 18:12 | PhiL · wall_segment Palisade Wall x1 |
| 19:10 | PhiL · age_up castle |
| 19:21 | PhiL · first_building Castle |
| 20:56 | Pikaflex · age_up castle |
| 22:13 | PhiL · wall_segment Palisade Wall x1 |
| 22:17 | PhiL · wall_segment Palisade Wall x1 |
| 22:18 | PhiL · wall_segment Palisade Wall x1 |
| 22:20 | PhiL · wall_segment Palisade Wall x6 |
| 22:25 | Pikaflex · first_building Stable |
| 23:08 | PhiL · wall_segment Palisade Wall x1 |
| 26:37 | Pikaflex · first_building Castle |
| 27:29 | PhiL · wall_segment Palisade Wall x1 |
| 29:36 | PhiL · resign |
[ AI ANALYSIS · 1 CREDIT ]
What really happened in this match?
Wolo.gg analyzes every decision: build order, eco, micro, common mistakes by bracket. Personalized analysis on WhatsApp or Discord in 30 seconds.
Civ guide
Civ #60
Perfil
Jugador #288057